 Dungeon Crawl Stone Soup version 0.18-a0-738-g888b110 (webtiles) character file.

6129 Mindmaker the Markself (level 10, 0/71 HPs)
             Began as a High Elf Hunter on Dec 11, 2015.
             Was a Priest of Okawaru.
             Shot with a sling bullet by Joseph (10 damage)
             ... while paralysed by Joseph
             ... on level 1 of the Lair of Beasts.
             The game lasted 00:48:57 (11686 turns).

Mindmaker the Markself (High Elf Hunter)           Turns: 11686, Time: 00:48:57

Health: 0/71       AC: 17    Str: 11    XL:     10   Next: 59%
Magic:  11/11      EV:  2    Int: 16    God:    Okawaru [***...]
Gold:   586        SH:  0    Dex: 19    Spells: 0 memorised, 9 levels left

rFire  + + .     SeeInvis .     a - +0 shortbow (evade)
rCold  x . .     Clarity  .     w - +4 ring mail {rN+}
rNeg   + . .     SustAt   .     (shield currently unavailable)
rPois  .         Gourm    .     m - +2 helmet
rElec  .         Spirit   .     c - +0 cloak
rCorr  .         Dismiss  .     K - +0 pair of gloves (curse)
rMut   .         Stasis   .     o - +0 pair of boots
MR     +....                    (no amulet)
Stlth  +.........               G - ring of fire
                                u - ring of protection from fire

@: paralysed, somewhat resistant to hostile enchantments, very unstealthy
A: no striking features
a: Heroism, Renounce Religion


You were on level 1 of the Lair of Beasts.
You worshipped Okawaru.
Okawaru was most pleased with you.
You were not hungry.

You visited 3 branches of the dungeon, and saw 10 of its levels.

You collected 586 gold pieces.

Inventory:

Hand Weapons
 a - a +0 shortbow of evasion (weapon)
 b - a +2 whip of electrocution
 O - a +3 long sword of freezing
Missiles
 d - 175 arrows (quivered)
 x - 18 arrows of frost
 F - 16 arrows of flame
Armour
 c - a +0 cloak (worn)
 i - a +0 chain mail of poison resistance
 m - a +2 helmet (worn)
 o - a +0 pair of boots (worn)
 w - a +4 ring mail of positive energy (worn)
 B - the +1 ring mail "Xurha" {rF+ rCorr}
   (You found it on level 6 of the Dungeon)

   It protects you from fire.
   It protects you from acid and corrosion.
 K - a cursed +0 pair of gloves (worn)
Jewellery
 u - a ring of protection from fire (left hand)
 G - a ring of fire (right hand)
Wands
 q - a wand of frost (20)
 r - a wand of fireball (3)
 s - a wand of slowing (48)
 y - a wand of polymorph (10)
 D - a wand of cold (4)
 L - a wand of polymorph (20)
Scrolls
 n - 5 scrolls of magic mapping
 t - 3 scrolls of remove curse
 v - a scroll of immolation
 A - a scroll of teleportation
 H - a scroll of blinking
Potions
 h - a potion of cure mutation {unknown}
 j - 2 potions of haste
 k - a potion of brilliance {unknown}
 l - 2 potions of might
 p - a potion of flight
 C - a potion of degeneration {unknown}
Comestibles
 e - a bread ration
 f - 13 royal jellies
 g - 6 meat rations


   Skills:
 - Level 7.1 Fighting
 - Level 15.0 Bows
 - Level 6.2 Armour
 + Level 6.6 Dodging
 - Level 1.1 Stealth


You had 9 spell levels left.
You didn't know any spells.

Dungeon Overview and Level Annotations

Branches:
Dungeon (8/15)             Temple (1/1) D:4            Lair (1/8) D:8

Altars:
Ashenzari
Cheibriados
Dithmenos
Elyvilon
Fedhas
Gozag
Kikubaaqudgha
Makhleb
Nemelex Xobeh
Okawaru
Pakellas
Qazlal
Ru
Sif Muna
Trog
Vehumet
Xom
Yredelemnul
Zin
The Shining One

Annotations:
Lair:1 Joseph


Message History

Firing (i - inventory. (,) - cycle):
d - 177 arrows (quivered)
Press: ? - help, Shift-Dir - straight line, f/p - Joseph
Aim: Joseph, wielding a hunting sling of evasion, wearing a runed leather armour and carrying a wand of paralysis {zapped: 2} (heavily wounded)
You shoot an arrow. The arrow hits Joseph.
Joseph is heavily wounded.
Firing (i - inventory. (,) - cycle):
d - 176 arrows (quivered)
Press: ? - help, Shift-Dir - straight line, f/p - Joseph
Aim: Joseph, wielding a hunting sling of evasion, wearing a runed leather armour and carrying a wand of paralysis {zapped: 2} (heavily wounded)
You shoot an arrow. The arrow hits Joseph.
Joseph is heavily wounded.
Joseph zaps a wand.
You suddenly lose the ability to move!
Joseph zaps a wand.
You easily resist.
Joseph shoots a sling bullet.
The sling bullet hits you!
* * * LOW HITPOINT WARNING * * *
Joseph zaps a wand.
You easily resist.
Joseph shoots a sling bullet.
The sling bullet hits you!
* * * LOW HITPOINT WARNING * * *
Joseph shoots a sling bullet.
The sling bullet completely misses you.
Joseph shoots a sling bullet.
The sling bullet hits you!
You die...

+# .# ##+##.# #.....#
#### #.....# ### #P#.
########.....# #P####...
#.(@...+.....###........
#@.((..+...####...
##[>...#..## #P...
####...#.#.# ##...
#..........####.#'.
###.............###.#
#...............# #.#
##.....÷........###.#
##........≈..........#
###........≈≈≈≈.....#..#


You could see Joseph.

Vanquished Creatures
  The ghost of P0WERM0DE the Fighter, a novice DsCK of Xom (D:6)
  A spiny frog (Lair:1)
  A komodo dragon (D:8)
  A fire drake (Lair:1)
  A queen bee (Lair:1)
  A two-headed ogre (D:8)
  2 humans (D:7)
  A hippogriff (Lair:1)
  An ice beast (D:5)
  An orc warrior (D:8)
  A water moccasin (Lair:1)
  A sky beast (D:8)
  A black bear (D:4)
  3 ogres
  3 centaurs
  A phantom (D:7)
  A big kobold (D:6)
  2 giant frogs
  A crocodile (Lair:1)
  Blork the orc (D:5)
  8 wights
  3 crimson imps
  26 killer bees (Lair:1)
  6 hounds
  3 electric eels (Lair:1)
  A gnoll shaman (D:4)
  An orc wizard (D:4)
  A giant frog zombie (D:6)
  6 orc priests
  2 centaur skeletons
  4 jellies
  Natasha (thrice) (D:3)
  An iguana (D:7)
  6 worker ants
  A worker ant zombie (D:5)
  10 gnolls
  A hound skeleton (D:4)
  A shadow imp (D:8)
  14 adders
  4 worms
  5 giant geckos
  25 orcs
  2 ball pythons
  3 giant cockroaches
  13 goblins
  11 hobgoblins
  19 jackals
  13 kobolds
  6 bats
  A giant gecko zombie (D:6)
  4 giant newts
  4 quokkas
  5 rats
  2 plants
241 creatures vanquished.

Vanquished Creatures (others)
  6 plants (D:8)
6 creatures vanquished.

Grand Total: 247 creatures vanquished

Notes
Turn   | Place    | Note
--------------------------------------------------------------
     0 | D:1      | Mindmaker the High Elf Hunter began the quest for the Orb.
     0 | D:1      | Reached XP level 1. HP: 14/14 MP: 2/2
   382 | D:1      | Reached XP level 2. HP: 8/19 MP: 3/3
   393 | D:1      | Reached skill level 6 in Bows
  1418 | D:1      | Reached XP level 3. HP: 13/24 MP: 4/4
  2155 | D:2      | Reached XP level 4. HP: 24/29 MP: 5/5
  2936 | D:3      | Reached skill level 5 in Dodging
  2991 | D:3      | Noticed Natasha
  2999 | D:3      | Killed Natasha
  2999 | D:3      | Reached XP level 5. HP: 25/34 MP: 6/6
  3038 | D:3      | Noticed Natasha
  3085 | D:3      | Killed Natasha
  3443 | D:3      | Noticed Natasha
  3449 | D:3      | Killed Natasha
  3460 | D:3      | Reached skill level 7 in Bows
  3712 | D:4      | Found a staircase to the Ecumenical Temple.
  3718 | Temple   | Entered the Ecumenical Temple
  3855 | D:4      | Noticed an ogre
  3859 | D:4      | Killed an ogre
  3859 | D:4      | Reached skill level 8 in Bows
  3859 | D:4      | Reached XP level 6. HP: 39/39 MP: 7/7
  4272 | D:3      | Reached skill level 9 in Bows
  4636 | D:4      | Reached XP level 7. HP: 32/45 MP: 8/8
  4966 | D:4      | Reached skill level 10 in Bows
  5181 | D:5      | Entered Level 5 of the Dungeon
  5488 | D:5      | Reached skill level 11 in Bows
  5833 | D:5      | Reached XP level 8. HP: 40/50 MP: 9/9
  6029 | D:5      | Noticed Blork the orc
  6034 | D:5      | Killed Blork the orc
  6034 | D:5      | Reached skill level 12 in Bows
  6164 | D:6      | Noticed P0WERM0DE's ghost (novice DsCK)
  6191 | D:6      | Killed P0WERM0DE's ghost
  6890 | D:6      | Reached skill level 5 in Armour
  7160 | D:6      | Got a scorched ring mail
  7171 | D:6      | Identified the +1 ring mail "Xurha" {rF+ rCorr} (You found it on level 6 of the Dungeon)
  7491 | D:6      | Reached XP level 9. HP: 58/58 MP: 10/10
  7829 | D:7      | Reached skill level 5 in Fighting
  8248 | D:7      | Found an oddly glowing altar of Pakellas.
  8366 | D:7      | Found an iron altar of Okawaru.
  8385 | D:7      | Became a worshipper of Warmaster Okawaru
  9058 | D:8      | Reached skill level 13 in Bows
  9351 | D:8      | Found a staircase to the Lair.
  9352 | D:8      | Noticed a komodo dragon
  9811 | D:8      | Killed a komodo dragon
  9811 | D:8      | Reached * piety under Okawaru
  9811 | D:8      | Reached skill level 14 in Bows
 10182 | Lair:1   | Entered Level 1 of the Lair of Beasts
 10199 | Lair:1   | Reached XP level 10. HP: 64/71 MP: 11/11
 10534 | Lair:1   | Reached ** piety under Okawaru
 10552 | Lair:1   | Reached skill level 15 in Bows
 11316 | Lair:1   | Reached *** piety under Okawaru
 11664 | Lair:1   | Noticed Joseph
 11664 | Lair:1   | Paralysed by Joseph for 2 turns
 11680 | Lair:1   | Paralysed by Joseph for 6 turns
 11686 | Lair:1   | Shot with a sling bullet by Joseph

Vault maps used:
D:1:      minmay_arrival_doors
D:3:      uniq_natasha
D:4:      black_bear_nest_2, minmay_temple_entry_grid, first_bread
D:5:      minivault_5, uniq_blork_the_orc
D:7:      okawaru_humans, old_standard_altar
D:8:      david_lair_shrubbed
Temple:   grunt_circular_temple_18
Lair:1:   disabler_island, uniq_joseph

Action                   |  1- 3 |  4- 6 |  7- 9 | 10-12 || total
-------------------------+-------+-------+-------+-------++-------
Melee: Short sword       |   166 |    50 |       |       ||   216
       Falchion          |       |    60 |    65 |       ||   125
       Whip              |       |       |   272 |   159 ||   431
 Fire: Shortbow          |    13 |   147 |   220 |   105 ||   485
Evoke: Wand              |       |       |     1 |     2 ||     3
  Use: Scroll            |     7 |    11 |     2 |       ||    20
       Potion            |     1 |     3 |     2 |     5 ||    11
 Stab: Sleeping          |     1 |       |     4 |       ||     5
       Distracted        |       |       |     1 |       ||     1
       Invisible         |       |       |       |    10 ||    10
  Eat: Chunk             |     4 |     6 |    12 |       ||    22
       Pizza             |       |     1 |       |     1 ||     2
       Fruit             |       |       |     1 |       ||     1
       Bread ration      |       |       |     1 |     1 ||     2
